Unix NetHack Version 5.0.0-0 post-release - last build May 31 2026 23:59:36 (970b52f25bf058293b47ddfd14a1e40e571c508c,branch:main).

Game began 2026-06-01 11:40:37, ended 2026-06-04 06:35:08.

FutureTim, lawful female human Valkyrie

 ---------
 |*.^...}}}
 |.----.}--
 |.<..^.}|
 |.---.|}|
 |.|0|*|}------
 |...|.|}}}}}}|
 |...|*|.....}|
 |.....|.....}X
 |....^.....@}E
 |...........;|
 |...........}|
 |......}}}}}}|
 |0.....}------
 ---.*(.}|
 |...|^|
 |.|.|*|
 |0|...|
   -----
FutureTim the Woman-at-arms  St:25 Dx:14 Co:18 In:8 Wi:10 Ch:10  Lawful
Dlvl:28 $:1163 HP:0(118) Pw:23(23) AC:-12 Xp:12 T:22449  Satiated

Latest messages:
 You hit the rock with all your might.
 The shark bites!
 You stop digging.
 What do you want to wield? [- pw or ?*] w
 w - the rustproof +3 Magicbane (weapon in right hand).
 The shark just misses!
 You hit the shark!
 The magic-absorbing blade cancels the shark!
 The shark misses!
 You hit the shark!
 The shark misses!
 You kill the shark!
 You hear crashing rock.
 What do you want to use or apply? [dlprtzBDHVX or ?*] p
 You now wield an uncursed rusty pick-axe.
 In what direction do you want to dig? [42>] 2
 You continue digging.
 You hit the rock with all your might.
 You make an opening in the wall.
 What do you want to wield? [- pw or ?*] w
 w - the rustproof +3 Magicbane (weapon in right hand).
 You see here 8 rocks.
 You see here 13 rocks.
 You feel tired.
 What do you want to use or apply? [dlprtzBDHVX or ?*] z
 A - an uncursed flute.
 What do you want to use or apply? [dlprtzABDHVX or ?*] A
 Improvise? [ynq] (q) y
 You start playing your flute.
 The flute toots.
 It misses!
 You hit the shark!
 The magic-absorbing blade probes the shark!
 The shark bites!
 You hit the shark!
 The shark bites!
 You hear a chugging sound.
 You kill the shark!
 You find a giant eel.
 The giant eel bites!
 The giant eel swings itself around you!
 You hit the giant eel!
 You hear a door crash open.
 The giant eel bites!
 The giant eel drowns you...
 Do you want your possessions identified? [ynq] (y) y
 Do you want to see your attributes? [ynq] (y) y
 Do you want an account of creatures vanquished? [ynaq] (y) y
 Do you want to see your conduct and achievements? [ynq] (y) y
 Do you want to see the dungeon overview? [ynq] (y) y

Inventory:
 Coins    ('$')
  $ - 1163 gold pieces
 Weapons  (')')
  w - the rustproof +3 Magicbane (weapon in right hand)
 Armor    ('[')
  v - an uncursed thoroughly rusty +0 dwarvish iron helm (being worn)
  M - a blessed very rusty +3 pair of gauntlets of power (being worn)
  f - an uncursed -1 pair of levitation boots
  c - an uncursed +3 small shield (being worn)
  o - an uncursed burnt +0 dwarvish cloak (being worn)
  P - an uncursed +3 T-shirt with text "Anhur State University - Home of the Fighting Fire Ants!" (being worn)
  x - an uncursed rotproof +3 silver dragon scale mail (being worn)
 Comestibles  ('%')
  C - an uncursed food ration
  G - 2 uncursed tripe rations
 Scrolls  ('?')
  m - an uncursed scroll of blank paper
  b - a blessed scroll of identify
  E - 4 uncursed scrolls of magic mapping
 Potions  ('!')
  y - a blessed potion of gain energy
  s - an uncursed potion of healing
  u - a cursed potion of monster detection
  a - an uncursed potion of oil
  F - a cursed potion of see invisible
 Rings    ('=')
  I - a cursed -2 ring of protection
 Wands    ('/')
  t - a wand of create monster (0:0)
  X - a wand of digging (0:2)
  H - a wand of teleportation (0:5)
 Tools    ('(')
  z - a blessed bag of holding containing 53 items
  A - an uncursed wooden flute
  l - an uncursed brass lantern (lit)
  d - a blessed magic lamp
  D - a blessed magic whistle
  V - an uncursed pair of lenses
  p - a rusty +0 pick-axe
  B - an uncursed skeleton key
  r - an uncursed wet towel

Contents of the bag of holding:
  25645 gold pieces
  22 uncursed food rations
  4 uncursed lembas wafers
  6 uncursed lumps of royal jelly
  an uncursed tripe ration
  a blessed scroll of blank paper
  a blessed scroll of blank paper
  a blessed scroll of blank paper
  an uncursed scroll of blank paper
  3 uncursed scrolls of blank paper
  a blessed scroll of earth
  4 uncursed scrolls of enchant weapon
  an uncursed scroll of fire
  3 uncursed scrolls of remove curse
  an uncursed spellbook of blank paper
  an uncursed spellbook of cure sickness
  an uncursed spellbook of detect monsters
  3 uncursed potions of acid
  3 uncursed diluted potions of blindness
  an uncursed diluted potion of booze
  an uncursed potion of enlightenment
  a cursed diluted potion of extra healing
  an uncursed diluted potion of fruit juice
  2 uncursed diluted potions of gain ability
  a cursed diluted potion of monster detection
  an uncursed diluted potion of object detection
  an uncursed diluted potion of oil
  an uncursed potion of polymorph
  2 uncursed potions of see invisible
  a blessed diluted potion of sleeping
  an uncursed +1 ring of adornment
  an uncursed ring of cold resistance
  an uncursed ring of invisibility
  an uncursed ring of poison resistance
  an uncursed ring of polymorph control
  an uncursed ring of polymorph control
  an uncursed +1 ring of protection
  an uncursed ring of protection from shape changers
  an uncursed ring of regeneration
  an uncursed ring of see invisible
  a blessed ring of slow digestion
  an uncursed ring of stealth
  a blessed ring of sustain ability
  a wand of create monster (0:15)
  a wand of create monster (0:14)
  a wand of digging (0:6)
  a wand of digging (0:3)
  a wand of make invisible (0:0)
  a wand of sleep named sleeping (0:3)
  a wand of slow monster (0:4)
  a wand of speed monster (0:1)
  a wand of stasis (0:4)
  a blessed oil lamp

FutureTim the Valkyrie's attributes:

Background:
 You were a Woman-at-arms, a level 12 human Valkyrie.
 You were lawful, on a mission for Tyr
 who was opposed by Odin (neutral) and Loki (chaotic).
 You were right-handed.
 You were in the Dungeons of Doom, on level 28.
 You entered the dungeon 22449 turns ago.
 You had 21569 experience points, 18431 more were needed to attain level 13.

Basics:
 You had 0 out of 118 hit points.
 You had all 23 energy points (spell power).
 Your armor class was -12.
 Your wallet contained 1163 zorkmids, and
 you had 25645 more stashed away in your pack.
 Autopickup was off.

Final Characteristics:
 Your strength was 25 (base:18/16, innate limit:18/100).
 Your dexterity was 14 (limit:18).
 Your constitution was 18 (limit:18).
 Your intelligence was 8 (limit:18).
 Your wisdom was 10 (limit:18).
 Your charisma was 10 (limit:18).

Final Status:
 You were held by a giant eel (southeast).
 You were satiated.
 You were unencumbered.
 You were wielding a dagger.
 You had basic skill with dagger and could have enhanced that.

Final Attributes:
 You were piously aligned.
 You were magic-protected.
 You were fire resistant.
 Your items were somewhat protected from fire.
 You were cold resistant.
 Your items were somewhat protected from cold.
 You were telepathic.
 You were stealthy.
 You were warded.
 You were fast.
 You had reflection.
 You are dead.

Miscellaneous:
 You encountered 2 bones levels.
 Total elapsed playing time was 9 hours, 56 minutes and 27 seconds.

Major events:
 Turn
    1: FutureTim the lawful human Valkyrie entered the dungeon
  558: entered the Gnomish Mines
  591: attained the rank of Skirmisher (level 3)
 1780: attained the rank of Fighter (level 6)
 1782: found Magicbane on the floor
 2871: reached Mine Town
 9537: attained the rank of Woman-at-arms (level 10)
 9649: made her first wish - "blessed gauntlets of power", got "a pair of padded gloves"
10769: entered Home 1, the Quest
17812: killed Medusa
22449: drowned in a moat by a giant eel

You didn't know any spells.

Skills:
 Fighting Skills
   bare handed combat [Unskilled]
   two weapon combat  [Unskilled]
   riding             [Unskilled]
 Weapon Skills
   dagger             [Basic]
   axe                [Unskilled]
   pick-axe           [Unskilled]
   short sword        [Unskilled]
   broadsword         [Unskilled]
   long sword         [Unskilled]
   two-handed sword   [Unskilled]
   saber              [Unskilled]
   hammer             [Unskilled]
   quarterstaff       [Unskilled]
   polearms           [Unskilled]
   spear              [Basic]
   trident            [Unskilled]
   lance              [Unskilled]
   sling              [Unskilled]
 Spellcasting Skills
   attack spells      [Unskilled]
   escape spells      [Unskilled]

Voluntary challenges:
 Character rerolling was not enabled.
 You never genocided any monsters.
 You never polymorphed an object.
 You never changed form.
 You used 1 wish.
 You did not wish for any artifacts.
Achievements:
 You entered the Gnomish Mines.
 You attained the rank of Skirmisher.
 You attained the rank of Fighter.
 You entered Minetown.
 You entered a shop.
 You entered a temple.
 You attained the rank of Woman-at-arms.
 You defeated Medusa.

 The Dungeons of Doom: levels 1 to 28
    Level 1:
    Level 2:
       Stairs down to The Gnomish Mines.
    Level 3:
       Some fountains.
    Level 4:
       An altar, a fountain.
    Level 5:
       A fountain.
    Level 6:
       Many fountains.
       Oracle of Delphi.
    Level 7:
    Level 8:
       A fountain.
    Level 9:
       A general store, a grave.
    Level 10:
       A fountain, a sink.
    Level 11:
       An altar to Tyr, some fountains.
    Level 12:
       A fountain, a grave.
       Summoned by the Norn.
       Portal to The Quest.
    Level 13:
       A potion shop.
    Level 14:
    Level 15:
       A primitive area.
    Level 16:
       A general store, a fountain.
    Level 17:
       A fountain.
    Level 18:
       Many fountains, a grave.
    Level 19:
       A sink.
    Level 20:
       A throne.
    Level 21:
       A fountain.
    Level 22:
       A temple and an altar to Tyr, a fountain.
    Level 23:
       Some fountains.
    Level 24:
    Level 25:
    Level 26:
    Level 27:
    Level 28: <- You were here.
       The castle.
       Final resting place for
          you, drowned in a moat by a giant eel.
 The Gnomish Mines: levels 3 to 10
    Level 3:
    Level 4:
    Level 5:
    Level 6:
       Many shops, a temple and an altar, some fountains.
    Level 7:
    Level 8:
       A grave.
       Final resting place for
          kodon-Wiz-Elf-Mal-Cha, killed by a magic missile cast by himself.
    Level 9:
       A grave.
       Final resting place for
          kodon-Wiz-Elf-Mal-Cha, killed by a dwarf king.
    Level 10:
       A fountain.
 The Quest:
    Level 1:
       A fountain.
       Home.


Vanquished creatures:
    Medusa
  a storm giant
  a glass golem
  a gold dragon
  a white dragon
  a baluchitherium
  2 stone golems
  3 displacer beasts
  2 titanotheres
  3 trappers
  a baby red dragon
  3 water trolls
  a clay golem
  a nurse
  2 lurkers above
 an ettin
  3 vampires
  a lieutenant
  3 ghosts
  2 queen bees
  a giant mimic
  2 zruties
  3 fire giants
  5 ogre tyrants
  2 ice trolls
 an umber hulk
 an elven monarch
  a wumpus
  a baby purple worm
  7 stalkers
 an air elemental
  a fire elemental
  2 hill giants
  a black naga
  a xorn
  2 elf-nobles
  4 wargs
  3 small mimics
  a glass piercer
  a warhorse
  3 xans
  2 ogre leaders
  3 quantum mechanics
  6 trolls
  2 wood golems
  2 sharks
  2 gelatinous cubes
  3 freezing spheres
  2 flaming spheres
  a dwarf ruler
  3 ochre jellies
  2 mountain centaurs
  a stone giant
  2 elf mummies
  a red naga
  a python
  a pit viper
  2 wraiths
  2 carnivorous apes
 an ettin zombie
  2 leather golems
  a Grey-elf
 an amorous demon
  3 chameleons
  3 giant beetles
  2 quivering blobs
  5 cockatrices
 14 wolves
  6 winter wolf cubs
  a lynx
  a panther
  2 gremlins
  a spotted jelly
 11 leprechauns
  3 orc-captains
  3 giant spiders
  a scorpion
  2 horses
 an ice vortex
  2 black lights
  a vampire bat
  a forest centaur
  5 gnome rulers
  2 orc mummies
  2 dwarf mummies
  5 ogres
  2 brown puddings
  4 rust monsters
  4 owlbears
  3 yetis
  a gold golem
  a werewolf
  a Green-elf
  2 giant eels
  5 lizards
  3 chickatrices
  a dingo
  2 dogs
  5 housecats
  4 jaguars
  a dwarf leader
  a gray unicorn
  a black unicorn
  2 dust vortices
  3 plains centaurs
  2 gnome mummies
  9 snakes
 an ape
  3 human zombies
  a rope golem
  2 Woodland-elves
 13 soldier ants
 35 fire ants
  9 bugbears
  a quasit
  a wood nymph
  a water nymph
  a mountain nymph
  7 Mordor orcs
  7 Uruk-hai
  2 orc shamans
  2 rock piercers
  3 rock moles
  3 ponies
  4 fog clouds
  5 yellow lights
  a shrieker
  a violet fungus
 12 gnome leaders
  4 gnomish wizards
  2 kobold mummies
  a black naga hatchling
  a guardian naga hatchling
  2 gray oozes
 an elf zombie
  a ghoul
  2 straw golems
  2 paper golems
  3 jellyfish
  a baby crocodile
  3 giant ants
  6 floating eyes
  a kitten
  7 dwarves
  3 homunculi
  a kobold shaman
  9 hill orcs
  8 rothes
  a rabid rat
  a centipede
  3 giant bats
  a monkey
  a dwarf zombie
  2 werejackals
  8 iguanas
 54 killer bees
 12 acid blobs
  8 coyotes
  a gas spore
  3 hobbits
 10 manes
  3 large kobolds
 13 hobgoblins
  7 giant rats
  9 cave spiders
  a brown mold
  a yellow mold
  2 green molds
  a red mold
 53 gnomes
  9 garter snakes
  2 gnome zombies
  5 geckos
  3 jackals
  2 kobolds
  6 goblins
  a sewer rat
  3 grid bugs
  6 lichens
  a kobold zombie
  7 newts
668 creatures vanquished.

No species were genocided or became extinct.

Game over:
                       ----------
                      /          \
                     /    REST    \
                    /      IN      \
                   /     PEACE      \
                  /                  \
                  |    FutureTim     |
                  |     26808 Au     |
                  |   drowned in a   |
                  | moat by a giant  |
                  |       eel        |
                  |                  |
                  |       2026       |
                 *|     *  *  *      | *
        _________)/\\_//(\/(/\)/\//\/|_)_______

Farvel FutureTim the Valkyrie...

You drowned in The Dungeons of Doom on dungeon level 28 with 181832 points,
and 26808 pieces of gold, after 22449 moves.
You were level 12 with a maximum of 118 hit points when you drowned.

